 Dungeon Crawl Stone Soup version 0.29.1-12-g30fa7ad0bf (webtiles) character file.

Game seed: 6726411362008239846

72 hawla the Firebug (level 4, -1/33 HPs)
             Began as a Meteoran Fire Elementalist on Jan 13, 2023.
             Slain by a gnoll
             ... wielding a +0 halberd
             ... led by a gnoll bouda
              (3 damage)
             ... on level 4 of the Dungeon.
             The game lasted 00:02:44 (1237 turns).

hawla the Firebug (Meteoran Fire Elementalist)      Turns: 1237, Time: 00:02:45

Health: -1/33      AC:  3    Str:  9    XL:     4   Next: 77%
Magic:  5/9        EV: 13    Int: 18    God:
Gold:   76         SH:  0    Dex: 15    Spells: 2/9 levels left

rFire   . . .      SeeInvis .   (no weapon)
rCold   . . .      Faith    .   (no shield)
rNeg    . . .      Spirit   .   a - +0 robe
rPois   .          Reflect  .   f - +0 helmet
rElec   .          Harm     .   (no cloak)
rCorr   .          Rampage  .   (no gloves)
Will    .....                   (no boots)
Stlth   +.........              (no amulet)
HPRegen 0.11/turn               (no ring)
MPRegen 0.11/turn               (no ring)

@: weakened, very slightly contaminated, hasted, glowing, very quick
A: sense surroundings 1, otherworldly, glowing, explore regen
a: no special abilities


You were on level 4 of the Dungeon.
You visited 1 branch of the dungeon, and saw 5 of its levels.

You collected 76 gold pieces.

Inventory:

Armour
 a - a +0 robe (worn)
 f - a +0 helmet (worn)
Scrolls
 c - 3 scrolls of identify {unknown}
 d - a scroll of teleportation {unknown}
 g - a scroll of enchant armour {unknown}
 h - a scroll of brand weapon {unknown}
Potions
 b - 2 potions of haste
 e - 2 potions of curing {unknown}


   Skills:
 - Level 3.1 Dodging
 - Level 1.4 Stealth
 - Level 3.3 Spellcasting
 + Level 2.9 Conjurations
 - Level 4.4 Fire Magic


You had 2 spell levels left.
You knew the following spells:

 Your Spells              Type           Power      Damage    Failure   Level
a - Foxfire               Conj/Fire      64%        2x1d7     3%          1
b - Scorch                Fire           38%        2d7       3%          2
c - Flame Wave            Conj/Fire      16%        2d7       34%         4

Your spell library contained the following spells:

 Spells                   Type           Power      Damage    Failure   Level
 Conjure Flame            Conj/Fire      16%        6-21      11%         3
 Inner Flame              Hex/Fire       11%        N/A       19%         3


Dungeon Overview and Level Annotations

Branches:
Dungeon (5/15) Zot: 1762
 Temple: D:4-7

Altars:
Xom


Innate Abilities, Weirdness & Mutations

You passively map a small area around you.
You are easily found by Zot.
You glow in the dark.
You regain HP and MP as you explore.


Message History

Search for what [? for help]? tif Can't find anything matching that.
Search for what [Enter for "tif", or ? for help]? weap Search for what [Enter for "weap", or ? for help]? rmo
(D) Dungeon
Where to? (Enter - D:4 @ (x,y), ? - help)
What level of the Dungeon? (default 1, ? - help)
There is an open door here.
There is a stone staircase leading down here.
You climb downwards.
The gnoll shouts! x4; You hear a shout!
Found a leather armour.
Found a stone staircase leading up.
There is a stone staircase leading up here.
There are monsters nearby!
Casting: Scorch (safe; 3% risk of failure)
Confirm with . or Enter, or press ? or * to list all spells.
The spell is extremely dangerous to miscast (34% risk of failure)!
Continue anyway?
Casting: Flame Wave (extremely dangerous; 34% risk of failure)
Press: ? - help, Dir - look around, f - activate You miscast Flame Wave.
You are very lightly contaminated with residual magic.
Energy rips through your body!
The gnoll shouts!
The gnoll barely misses you. The gnoll closely misses you.
The gnoll barely misses you.
The gnoll bouda gazes fiercely through you!
You feel your attacks grow feeble. The gnoll barely misses you.
The gnoll bouda hits you but does no damage.
The gnoll hits you with a +0 halberd!
The gnoll hits you from afar with a +0 spear.
* * * LOW HITPOINT WARNING * * *
The gnoll hits you from afar with a +0 spear.
* * * LOW HITPOINT WARNING * * *
The gnoll misses you.
You climb upwards.
There is a stone staircase leading down here.
It was a potion of haste.
You feel yourself speed up. The gnoll hits you with a +0 halberd.
You die...

#...# #................
#...# #.#########......
#...# #.# #..........#.
#...####'###).........#.
##'##.....##..........#.
#.##.....##..........##
#.##.....##..........##
#.##.gg..##..........##
#>##..@g..#..........##
#.##......#..........##
#.##......#..........#
#.##.....<#..........##
#.#######.#...........#
#..)....#.#######'#'#.#
#######.#.# #.#)#.#
#.#.#######.#.#.#
#.#.......#.#.#.#


You could see a gnoll bouda and 2 gnolls.

Vanquished Creatures
  2 iguanas
  2 dart slugs (D:4)
  A ball python (D:1)
  2 endoplasms (D:4)
  2 goblins
  3 hobgoblins
  4 jackals (D:2)
  A frilled lizard (D:3)
17 creatures vanquished.

Vanquished Creatures (others)
  42 foxfires
42 creatures vanquished.

Grand Total: 59 creatures vanquished

Notes
Turn   | Place    | Note
-------+----------+-------------------------------------------
     0 | D:1      | hawla the Meteoran Fire Elementalist began the quest for
                  | the Orb.
     0 | D:1      | Reached XP level 1. HP: 14/14 MP: 5/5
    68 | D:2      | Reached XP level 2. HP: 2/20 MP: 4/6
    70 | D:2      | HP: 1/20 [jackal (1)]
    77 | D:2      | Learned a level 2 spell: Scorch
   128 | D:3      | Reached skill level 4 in Fire Magic
   128 | D:3      | Reached XP level 3. HP: 13/26 MP: 0/8
   502 | D:4      | Found a shimmering altar of Xom.
   651 | D:4      | Reached XP level 4. HP: 33/33 MP: 6/9
   661 | D:4      | Learned a level 4 spell: Flame Wave
  1233 | D:5      | Entered Level 5 of the Dungeon
  1237 | D:4      | Slain by a gnoll

Illustrated notes

Levels and vault maps discovered:
D:1:      psy_arrival_radial01, layout_basic, serial_shops, nicolae_shop_stone,
          dreamdust_ecumenical_altar_statues, kennysheep_another_room,
          minmay_misc_feat_rows, grunt_decor_arrowhead, minmay_misc_feat_cross,
          solitary_fountain, grunt_decor_one_mirror, minmay_door_square,
          minmay_tromino_i4
D:2:      layout_basic, basic_altar
D:3:      wad_pebble_path, layout_loops_ring,
          mainiacjoe_overflow_small_starburst, dreamdust_wishing_well
D:4:      layout_basic, general_overflow_altar
D:5:      layout_gridville, zin_treasury, mainiacjoe_overflow_tiny_flanked,
          kennysheep_generic_room_3, uniq_ijyb, uniq_sigmund, uniq_menkaure

Skill      XL: |  1  2  3  4 |
---------------+-------------+-----
Spellcasting   | 3 |  3.3
Dodging        | 3 |  3.1
Fire Magic     | 4 |  4.4
Conjurations   | 2 |  2.9
Stealth        | |  1.4

Action                   |  1- 3 |  4- 6 || total
-------------------------+-------+-------++-------
Melee: Unarmed           |     3 |     2 ||     5
 Cast: Foxfire           |    19 |     6 ||    25
       Scorch            |     6 |     5 ||    11
  Use: Potion            |     1 |     1 ||     2
Armor: Robe              |    10 |     1 ||    11
Dodge: Dodged            |    15 |     8 ||    23
